 Dungeon Crawl Stone Soup version 0.29.1-15-g9cfb28693d (webtiles) character file.

Game seed: 5433171939867996637

102239 wingedge the Frost Mage (level 15, -3/195 HPs)
             Began as a Demigod Wanderer on Apr 28, 2023.
             Slain by a fire elemental (14 damage)
             ... led by Azrael
             ... on level 1 of the Spider Nest on May 2, 2023.
             The game lasted 03:54:45 (29918 turns).

wingedge the Frost Mage (Demigod Wanderer)         Turns: 29918, Time: 03:54:46

Health: -3/195     AC: 20    Str: 19      XL:     15   Next: 39%
Magic:  23/29      EV: 17    Int: 26 (27) God:
Gold:   49         SH:  0    Dex: 11 (14) Spells: 5/27 levels left

rFire   . . .      SeeInvis +   a - +13 scythe of Curses {drain, Drain}
rCold   . . .      Faith    .   (shield currently unavailable)
rNeg    . . .      Spirit   .   E - +0 acid dragon scales
rPois   +          Reflect  .   P - +0 helmet
rElec   +          Harm     .   x - +1 cloak of Starlight {*Dazzle EV+4 Stlth--}
rCorr   +          Rampage  .   v - +2 pair of gloves
Will    ++++.                   h - +1 pair of boots
Stlth   ..........              D - amulet of magic regeneration
HPRegen 0.42/turn               s - ring of see invisible
MPRegen 0.61/turn               p - ring "Suaromus" {Contam rElec rPois Will+++ AC+4}

@: berserking, hasted, very quick
A: high MP 1, forlorn, divine attributes
a: no special abilities


You were on level 1 of the Spider Nest.
You visited 5 branches of the dungeon, and saw 24 of its levels.
You also visited: Volcano.

You collected 2447 gold pieces.
You spent 2398 gold pieces at shops.

Inventory:

Hand Weapons
 a - the +13 scythe of Curses (weapon) {drain, Drain}
   (You found it on level 10 of the Dungeon)

   A truly terrible weapon, it drains the life of any living foe it strikes.
   It inflicts powerful necromantic curses on any living foe it strikes.
   Drain:     It drains your maximum health when unequipped.
Armour
 c - a +2 kite shield
 h - a +1 pair of boots (worn)
 v - a +2 pair of gloves (worn)
 x - the +1 cloak of Starlight (worn) {*Dazzle EV+4 Stlth--}
   (You found it on level 4 of the Dungeon)

   It may blind those who miss an attack against the wearer in melee combat.
   EV:        It affects your evasion (+4).
   Stlth:     It makes you much less stealthy.
 E - +0 acid dragon scales (worn)
 P - a +0 helmet (worn)
Jewellery
 f - a ring of flight
 i - a ring of willpower
 l - a +4 ring of slaying
 p - the ring "Suaromus" (right hand) {Contam rElec rPois Will+++ AC+4}
   (You bought it in a shop on level 14 of the Dungeon)

   [ring of protection]

   AC:        It affects your AC (+4).
   rElec:     It insulates you from electricity.
   rPois:     It protects you from poison.
   Contam:    It causes magical contamination when unequipped.
   Will:      It greatly increases your willpower.
 s - a ring of see invisible (left hand)
 w - a ring of wizardry
 D - an amulet of magic regeneration (around neck)
 M - a ring of ice
 U - a ring of fire
 Y - an amulet of reflection
Wands
 d - a wand of quicksilver (3)
 z - a wand of paralysis (9)
 S - a wand of digging (5)
Scrolls
 g - 10 scrolls of teleportation
 j - 3 scrolls of amnesia
 m - 4 scrolls of fog
 q - 2 scrolls of brand weapon
 I - 3 scrolls of enchant weapon
 J - a scroll of poison
 R - a scroll of torment {unknown}
 V - 2 scrolls of immolation {unknown}
 Z - a scroll of enchant armour {unknown}
Potions
 k - 2 potions of degeneration {unknown}
 r - 2 potions of curing
 u - 9 potions of mutation
 A - 3 potions of resistance {unknown}
 B - 2 potions of cancellation
 C - 6 potions of attraction
 G - 4 potions of lignification {unknown}
 H - a potion of experience {unknown}
 K - 5 potions of might
 N - a potion of magic {unknown}
 O - 3 potions of flight {unknown}
 Q - 5 potions of brilliance
 X - 2 potions of invisibility {unknown}
Miscellaneous
 y - a tin of tremorstones (2/2)


   Skills:
 + Level 11.4 Fighting
 + Level 11.1 Polearms
 + Level 6.5 Armour
 + Level 5.6 Dodging
 - Level 5.0 Stealth
 + Level 6.5 Spellcasting
 - Level 7.0 Conjurations
 - Level 2.0 Hexes
 - Level 4.0 Translocations
 + Level 3.0 Transmutations
 + Level 2.8 Fire Magic
 + Level 13.1 Ice Magic
 - Level 2.0 Air Magic
 - Level 9.0 Poison Magic
 - Level 1.0 Evocations


You had 5 spell levels left.
You knew the following spells:

 Your Spells              Type           Power      Damage    Failure   Level
a - Freeze                Ice            100%       1d11      1%          1
b - Ensorcelled Hibernat  Hex/Ice        94%        N/A       1%          2
c - Ozocubu's Armour      Ice            67%        N/A       1%          3
d - Hailstorm             Conj/Ice       57%        3d12      1%          4
e - Mephitic Cloud        Conj/Pois/Air  39%        N/A       2%          3
f - Olgreb's Toxic Radia  Pois           53%        N/A       1%          4
g - Blink                 Tloc           58%        N/A       2%          2
h - Ignite Poison         Fire/Tmut/Pois 34%        N/A       3%          3

Your spell library contained the following spells:

 Spells                   Type           Power      Damage    Failure   Level
 Apportation              Tloc           58%        N/A       1%          1
 Magic Dart               Conj           100%       1d8       1%          1
 Sting                    Tmut/Pois      100%       1d8       1%          1
 Poisonous Vapours        Pois/Air       74%        N/A       1%          2
 Spider Form              Tmut/Pois      39%        N/A       2%          3
 Conjure Flame            Conj/Fire      34%        6-21      3%          3
 Stone Arrow              Conj/Erth      52%        3d10      6%          3
 Portal Projectile        Hex/Tloc       48%        N/A       8%          3
 Necrotise                Necr           32%        1d5       9%          1
 Summon Small Mammal      Summ           32%        N/A       9%          1
 Sticky Flame             Conj/Fire      34%        2d5       11%         4
 Call Imp                 Summ           8%         N/A       13%         2
 Iskenderun's Battlesphe  Conj           44%        2d10      13%         5
 Summon Guardian Golem    Hex/Summ       13%        N/A       17%         3
 Call Canine Familiar     Summ           8%         N/A       26%         3
 Fireball                 Conj/Fire      17%        3d9       30%         5
 Irradiate                Conj/Tmut      17%        3d17      30%         5
 Manifold Assault         Tloc           29%        N/A       41%         5
 Anguish                  Hex/Necr       6%         N/A       50%         4
 Blade Hands              Tmut           12%        N/A       56%         5
 Animate Armour           Summ/Erth      16%        N/A       63%         4
 Summon Forest            Summ/Tloc      9%         N/A       71%         5
 Ozocubu's Refrigeration  Ice            33%        4d14      32%         7
 Eringya's Noxious Bog    Tmut/Pois      19%        N/A       73%         6
 Conjure Ball Lightning   Conj/Air       15%        3x3d6     90%         6
 Orb of Destruction       Conj           22%        9d8       99%         7
 Dragon Form              Tmut           12%        N/A       100%        7
 Storm Form               Tmut/Air       10%        N/A       100%        7
 Summon Hydra             Summ           4%         N/A       100%        7
 Lehudib's Crystal Spear  Conj/Erth      13%        10d4      100%        8


Dungeon Overview and Level Annotations

Branches:
Dungeon (15/15)            Temple (1/1) D:4            Lair (5/5) D:11
 Shoals (0/4) Lair:3       Spider (1/4) Lair:3        Slime (0/5) Lair:4
    Orc (2/2) D:10            Elf (0/3) Orc:2        Vaults (0/5) D:14
 Depths (0/4) D:15        Volcano (visited)

Shops:
D:10 (   D:11 [   D:14 [(**   Orc:1 :*   Orc:2 :*([

Annotations:
D:10 2 runed translucent doors, Palms's ghost, journeyman DjVM


Innate Abilities, Weirdness & Mutations

You have an increased reservoir of magic. (+10% MP)
You shall have no god before yourself.
Your divine heritage dramatically boosts your attributes as you level up.


Message History

Confirm with . or Enter, or press ? or * to list all spells.
Aiming: Freeze (safe; 1% risk of failure)
Press: ? - help, Shift-Dir - straight line, f/p - Azrael
Aim: Azrael, wielding a +0 scimitar of flaming (almost dead)
You freeze Azrael.
Azrael is frozen!
You kill Azrael!
You feel your strength returning.
Your life force feels restored.
Reach: a) +13 scythe of Curses {drain, Drain}
Press: ? - help, Dir - move target, f - fire elemental
Aim: a fire elemental (about 31% to evade the +13 scythe of Curses)
You reach to attack!
You puncture the fire elemental!
The fire elemental is moderately damaged.
The fire elemental hits you. The fire elemental burns you!
* * * LOW HITPOINT WARNING * * *
You feel better. The fire elemental barely misses you.
You feel yourself speed up. The fire elemental hits you.
* * * LOW HITPOINT WARNING * * *
The fire elemental burns you!
* * * LOW HITPOINT WARNING * * *
The fire elemental barely misses you.
You puncture the fire elemental!
The fire elemental is severely damaged.
The fire elemental hits you. The fire elemental burns you!
* * * LOW HITPOINT WARNING * * *
The fire elemental closely misses you.
You feel better. The fire elemental closely misses you.
The fire elemental barely misses you.
A red film seems to cover your vision as you go berserk!
You feel yourself moving faster!
You feel mighty! The fire elemental hits you. The fire elemental burns you!
* * * LOW HITPOINT WARNING * * *
The fire elemental misses you. x2
You slice the fire elemental!!
You destroy the fire elemental!
The fire elemental closely misses you. The fire elemental barely misses you.
Your Transmutations skill increases to level 3!
You impale the fire elemental!!
The fire elemental is almost destroyed.
The fire elemental hits you. The fire elemental burns you!
You die...

##########
..^......##
..........
.........###
.○..°......#
#..°....#
#..EE##......
#...@.# .....
##....# ####
#.#.## #####
..... .....#


You could see 2 fire elementals.

Vanquished Creatures
  Rupert (Lair:3)
  7 slime creatures
  Donald (Spider:1)
  Aizul (Spider:1)
  An orc warlord (Orc:2)
  An ironbound preserver (D:14)
  Azrael (Spider:1)
  A dire elephant (Lair:5)
  An entropy weaver (Spider:1)
  An ettin (D:15)
  A fire dragon (Volcano)
  6 hydras
  A merfolk avatar (Lair:5)
  6 centaur warriors
  A jorogumo (Spider:1)
  4 boulder beetles
  2 two-headed ogres
  5 tengu warriors
  A death yak (Lair:3)
  An orc high priest (Orc:2)
  The ghost of chaostorm the Nimble, a novice TeHu (D:9)
  4 sun demons (Volcano)
  2 sea snakes (Lair:5)
  A deep troll (D:15)
  2 wizards (D:15)
  5 orc knights
  A harpy (Lair:5)
  3 deep elf pyromancers
  22 ugly things
  3 orc sorcerers
  2 wolf spiders (Spider:1)
  7 cyclopes
  7 manticores
  A merfolk siren (Lair:3)
  2 moths of wrath (Spider:1)
  23 elephants
  A black mamba (shapeshifter) (D:13)
  2 smoke demons (Volcano)
  A black mamba (Lair:5)
  A gargoyle (D:12)
  A torpor snail (Lair:5)
  9 cane toads
  A yaktaur (D:14)
  A kobold demonologist (D:10)
  4 rime drakes
  12 komodo dragons
  An entropy weaver simulacrum (Lair:3)
  A tengu conjurer (D:14)
  An ice devil (Lair:3)
  A queen bee (shapeshifter) (D:13)
  The ghost of Chadd the Chopper, an amateur HOMo of Beogh (D:4)
  2 polar bears (Lair:3)
  6 trolls
  A wind drake (Lair:5)
  2 hornets
  18 blink frogs
  Sigmund (D:3)
  A culicivora (Spider:1)
  3 jumping spiders
  38 yaks
  2 wyverns
  A fire elemental (Spider:1)
  5 wraiths
  19 vampire mosquitoes
  3 steam dragons (Volcano)
  6 basilisks
  7 redbacks (Spider:1)
  6 wargs
  4 acid dragons
  18 water moccasins
  6 hell hounds
  33 orc warriors
  A sky beast (D:7)
  4 ogres
  2 black bears (D:7)
  2 ice beasts
  9 centaurs
  21 wolves
  4 kobold brigands
  Blork the orc (Orc:2)
  9 bullfrogs
  3 gnoll sergeants
  3 scorpions
  A necrophage (D:6)
  4 wights (D:9)
  12 killer bees
  An elephant simulacrum (Lair:3)
  2 howler monkeys
  2 gnoll boudas (D:7)
  4 hounds
  19 orc priests
  2 jellies
  7 iguanas
  31 orc wizards
  2 spriggan simulacra (Lair:3)
  14 adders
  25 gnolls
  A naga simulacrum (Lair:3)
  3 shadow imps (D:7)
  2 white imps
  2 ufetubi
  102 orcs
  3 ball pythons
  9 endoplasms
  2 giant cockroaches (D:1)
  8 goblins
  5 hobgoblins
  5 jackals
  3 quokkas
  3 bats (D:1)
  4 frilled lizards (D:1)
  10 kobolds
  6 rats
703 creatures vanquished.

Vanquished Creatures (others)
  An ice dragon (Lair:3)
  60 fungi
  60 plants
121 creatures vanquished.

Grand Total: 824 creatures vanquished

Notes
Turn   | Place    | Note
-------+----------+-------------------------------------------
     0 | D:1      | wingedge the Demigod Wanderer began the quest for the Orb.
     0 | D:1      | wingedge set off with the following items: a +0 club, a
                  | scroll of teleportation, a +0 robe, a piece from Xom's
                  | chessboard (15/15); and the following spells available to
                  | memorise: Freeze, Apportation, Ensorcelled Hibernation,
                  | Portal Projectile, Hailstorm.
     0 | D:1      | Reached XP level 1. HP: 14/14 MP: 5/5
     2 | D:1      | Learned a level 1 spell: Freeze
   170 | D:1      | Reached skill level 1 in Fighting
   327 | D:1      | Reached XP level 2. HP: 18/23 MP: 4/7
   653 | D:1      | Learned a level 2 spell: Ensorcelled Hibernation
  1213 | D:1      | Reached XP level 3. HP: 29/29 MP: 3/8
  2103 | D:2      | Reached XP level 4. HP: 29/36 MP: 3/10
  2453 | D:3      | Reached skill level 1 in Hexes
  2522 | D:2      | Reached skill level 1 in Dodging
  3022 | D:3      | Reached skill level 4 in Ice Magic
  3022 | D:3      | Reached XP level 5. HP: 35/42 MP: 5/11
  3075 | D:3      | Learned a level 3 spell: Ozocubu's Armour
  3358 | D:3      | Noticed Sigmund
  3370 | D:3      | Killed Sigmund
  3371 | D:3      | Reached XP level 6. HP: 37/51 MP: 0/13
  3686 | D:3      | Learned a level 4 spell: Hailstorm
  4288 | D:4      | Noticed a water moccasin
  4296 | D:4      | Killed a water moccasin
  4297 | D:4      | Reached skill level 1 in Conjurations
  4780 | D:4      | Found a runed translucent gate.
  4781 | D:4      | Found a runed translucent gate.
  4781 | D:4      | Found a runed translucent gate.
  4782 | D:4      | Noticed Chadd's ghost (amateur HOMo)
  4867 | D:4      | Found a staircase to the Ecumenical Temple.
  4876 | Temple   | Entered the Ecumenical Temple
  4919 | D:4      | Reached skill level 5 in Ice Magic
  4923 | D:4      | Reached XP level 7. HP: 49/57 MP: 2/14
  5136 | D:4      | Found the +1 cloak of Starlight {*Dazzle EV+4 Stlth--}
  5477 | D:5      | Entered Level 5 of the Dungeon
  6764 | D:6      | Reached XP level 8. HP: 60/66 MP: 9/17
  7712 | D:7      | Noticed a two-headed ogre
  8038 | D:7      | Killed a two-headed ogre
  8039 | D:7      | Reached skill level 5 in Fighting
  8039 | D:7      | Reached skill level 5 in Conjurations
  8039 | D:7      | Reached skill level 6 in Ice Magic
  8077 | D:7      | Learned a level 3 spell: Mephitic Cloud
  8217 | D:7      | Reached XP level 9. HP: 59/74 MP: 1/18
  9222 | D:8      | Reached skill level 1 in Air Magic
  9222 | D:8      | Reached skill level 1 in Poison Magic
 10150 | D:9      | Found a runed translucent door.
 10200 | D:9      | Reached skill level 5 in Spellcasting
 10203 | D:9      | Reached skill level 7 in Ice Magic
 10205 | D:9      | Reached XP level 10. HP: 14/84 MP: 12/21
 10750 | D:9      | Learned a level 4 spell: Olgreb's Toxic Radiance
 11079 | D:9      | Noticed chaostorm's ghost (novice TeHu)
 11119 | D:9      | Killed chaostorm's ghost
 11509 | D:10     | Entered Level 10 of the Dungeon
 11738 | D:10     | Reached skill level 1 in Armour
 11833 | D:10     | Found a staircase to the Orcish Mines.
 11968 | D:10     | Found Bintasm's Weapon Shop.
 11981 | D:10     | Found a runed translucent door.
 12157 | D:10     | Noticed Palms's ghost (journeyman DjVM)
 12158 | D:10     | Noticed a lich
 12158 | D:10     | Noticed a skeletal warrior
 12159 | D:10     | Noticed an eight-headed hydra
 12159 | D:10     | Noticed a skeletal warrior
 12159 | D:10     | Noticed a stone giant
 12160 | D:10     | Noticed a necromancer
 12182 | D:10     | Noticed a two-headed ogre
 12195 | D:10     | Killed a two-headed ogre
 12196 | D:10     | Reached skill level 5 in Poison Magic
 12429 | D:10     | Found a runed translucent door.
 12488 | D:10     | Found a large runed translucent door.
 12490 | D:10     | Found a large runed translucent door.
 12490 | D:10     | Found a large runed translucent door.
 12492 | D:10     | Noticed an orc knight
 12492 | D:10     | Noticed a centaur warrior
 12493 | D:10     | Found a large runed translucent door.
 12579 | D:10     | Noticed a sixfirhy
 12580 | D:10     | Noticed a white ugly thing
 12600 | D:10     | Killed a white ugly thing
 12937 | D:10     | Found the +13 scythe of Curses {drain, Drain}
 13079 | D:10     | Identified the +0 leather armour "Qemmir" {+Inv Int+4}
 13098 | D:10     | Noticed a centaur warrior
 13104 | D:10     | Killed a centaur warrior
 13105 | D:10     | Reached skill level 1 in Polearms
 13105 | D:10     | Reached XP level 11. HP: 92/92 MP: 22/22
 13484 | D:11     | Found a staircase to the Lair.
 13729 | D:11     | Found Neesuzxe's Antique Armour Shop.
 13732 | D:11     | Bought a pair of embroidered boots for 217 gold pieces
 13732 | D:11     | Bought a pair of embroidered gloves for 217 gold pieces
 14075 | D:11     | You fall into a shaft and drop 3 floors!
 14101 | D:14     | Found Ibiwofui's Weapon Shop.
 14108 | D:14     | Found Aluca's Antique Armour Boutique.
 14113 | D:14     | Bought a ripped robe for 228 gold pieces
 14113 | D:14     | Identified the +2 robe of the Meadowlark {Rampage} (You
                  | bought it in a shop on level 14 of the Dungeon)
 14141 | D:13     | Reached skill level 8 in Ice Magic
 14464 | D:12     | Noticed a deep elf pyromancer
 14469 | D:12     | Killed a deep elf pyromancer
 14766 | Lair:1   | Entered Level 1 of the Lair of Beasts
 14798 | Lair:1   | You fall into a shaft and drop 1 floor!
 14825 | Lair:2   | Identified a scroll of acquirement
 14826 | Lair:2   | Acquired a ring of willpower
 14938 | Lair:2   | Reached skill level 5 in Polearms
 14948 | Lair:2   | Reached skill level 9 in Ice Magic
 15287 | Lair:2   | Noticed an eight-headed hydra
 15295 | Lair:2   | Killed an 11-headed hydra
 15296 | Lair:2   | Reached XP level 12. HP: 79/100 MP: 16/23
 16770 | Lair:2   | Noticed a boulder beetle
 16775 | Lair:2   | Killed a boulder beetle
 16898 | Lair:3   | Noticed Rupert
 16908 | Lair:3   | Killed Rupert
 16919 | Lair:3   | Noticed a seven-headed hydra
 16926 | Lair:3   | Killed a nine-headed hydra
 17429 | Lair:3   | Reached skill level 5 in Armour
 17447 | Lair:3   | Noticed an ice dragon
 17463 | Lair:3   | Killed an ice dragon
 17464 | Lair:3   | Reached skill level 5 in Dodging
 17464 | Lair:3   | Reached skill level 10 in Ice Magic
 17609 | Lair:3   | Identified the +7 sling of Tafucwunui {freeze, rCorr
                  | Stlth+}
 18115 | Lair:3   | Found a staircase to the Shoals.
 18166 | Lair:3   | Found a hole to the Spider Nest.
 18414 | Lair:4   | Noticed a boulder beetle
 18421 | Lair:4   | Noticed a five-headed hydra
 18427 | Lair:4   | Killed a boulder beetle
 18439 | Lair:4   | Killed a 14-headed hydra
 18440 | Lair:4   | Reached XP level 13. HP: 87/110 MP: 17/24
 19061 | Lair:4   | Found a runed translucent door.
 19064 | Lair:4   | Found a staircase to the Slime Pits.
 19618 | Lair:5   | Entered Level 5 of the Lair of Beasts
 19627 | Lair:5   | Reached skill level 11 in Ice Magic
 19715 | Lair:5   | Noticed a dire elephant
 19724 | Lair:5   | Killed a dire elephant
 19725 | Lair:5   | Reached skill level 10 in Fighting
 20091 | Lair:5   | Identified the +4 trident of the Enchanted Forest {freeze,
                  | Will- Str+10 Dex-5}
 20148 | Lair:5   | Found a dark tunnel.
 20153 | Volcano  | Entered a volcano
 20883 | Volcano  | Reached skill level 12 in Ice Magic
 21474 | Lair:5   | Reached XP level 14. HP: 121/121 MP: 22/25
 22031 | D:4      | Killed Chadd's ghost
 22238 | D:10     | Identified the +0 bardiche of the Vaults {vorpal, rElec
                  | rF+}
 22298 | Orc:1    | Entered Level 1 of the Orcish Mines
 22429 | Orc:2    | Entered Level 2 of the Orcish Mines
 22466 | Orc:2    | Found a staircase to the Elven Halls.
 22617 | Orc:1    | Found Kasor's CLEARANCE SALE!.
 22625 | Orc:1    | Bought a potion of brilliance for 20 gold pieces
 22670 | Orc:1    | Found Vosyw's Book Boutique.
 22684 | Orc:1    | Bought an Inescapable Atlas for 578 gold pieces
 22687 | Orc:1    | Learned a level 2 spell: Blink
 23107 | Orc:2    | Reached skill level 10 in Polearms
 23146 | Orc:2    | Noticed an orc warlord
 23176 | Orc:2    | Killed an orc warlord
 23474 | Orc:2    | Reached skill level 5 in Stealth
 23623 | Orc:2    | Noticed Blork the orc
 23627 | Orc:2    | Killed Blork the orc
 23818 | Orc:2    | Found Wimmoss's Antique Armour Boutique.
 23893 | Orc:2    | Found Ripn's General Store.
 23900 | Orc:2    | Bought a potion of heal wounds for 65 gold pieces
 23921 | Orc:2    | Found Ucoom's Book Boutique.
 23936 | Orc:2    | Found Sustygusm's Antique Weapon Boutique.
 23959 | Orc:2    | Bought a pair of glowing boots for 232 gold pieces
 25970 | D:14     | Identified the +7 long sword of Urocvauf {spect, *Noise
                  | rElec rC++}
 26411 | D:14     | Noticed an ironbound preserver
 26596 | D:14     | Learned a level 3 spell: Ignite Poison
 26701 | D:14     | Found Nantumee's Assorted Antiques.
 26765 | D:14     | Found Wucoedgh's General Store.
 26773 | D:14     | Bought the +3 scale mail of Utecroe {rPois rF+ rC- rN+} for
                  | 619 gold pieces
 26792 | D:14     | Bought a scroll of fear for 72 gold pieces
 27208 | D:14     | Killed an ironbound preserver
 27209 | D:14     | Reached skill level 1 in Transmutations
 27209 | D:14     | Reached skill level 1 in Fire Magic
 27254 | D:14     | Found a gate to the Vaults.
 27303 | D:15     | Entered Level 15 of the Dungeon
 27330 | D:15     | Reached XP level 15. HP: 83/130 MP: 9/28
 27987 | D:15     | Reached skill level 13 in Ice Magic
 28763 | D:15     | Found a staircase to the Depths.
 29040 | D:14     | Bought a vibrating lapis lazuli ring for 150 gold pieces
 29040 | D:14     | Identified the ring "Suaromus" {Contam rElec rPois Will+++
                  | AC+4} (You bought it in a shop on level 14 of the Dungeon)
 29294 | Spider:1 | Entered Level 1 of the Spider Nest
 29294 | Spider:1 | Noticed Donald
 29304 | Spider:1 | Killed Donald
 29756 | Spider:1 | Found the +3 salamander hide armour {Flames rF++ rC--}
 29776 | Spider:1 | Noticed Azrael
 29792 | Spider:1 | Noticed Aizul
 29805 | Spider:1 | Killed Aizul
 29909 | Spider:1 | Killed Azrael
 29918 | Spider:1 | Slain by a fire elemental

Illustrated notes

Levels and vault maps discovered:
D:1:      shiori_arrival_maze, layout_rooms, nicolae_eternal_life
D:2:      layout_loops_ring, shapermc_ecumenical_altar_mp_vishouse
D:3:      layout_basic, mainiacjoe_overflow_concentric_impassable,
          serial_aquarium, aquarium_bridge_straight [aquarium_subvault_bridge,
          aquarium_subvault_window, aquarium_subvault_bridge,
          aquarium_subvault_balcony], aquarium_window_3, aquarium_window_1,
          aquarium_window_2, aquarium_view_2c, aquarium_balcony_3b, uniq_sigmund
D:4:      layout_loops_ring, palyth_temple_overflow_mages,
          kennysheep_little_box, mainiacjoe_overflow_boulevard, temple_doors_e,
          ebering_ghost_rock_garden
D:5:      nicolae_BIG_FREAKIN_CUBE, layout_basic
D:6:      layout_basic, lemuel_tele_altar, mainiacjoe_overflow_paths,
          fedhas_altar_3
D:7:      layout_loops_corners, grunt_ministairs_13
D:8:      layout_loops_corners, mainiacjoe_overflow_large_starburst
D:9:      layout_irregular_city, mainiacjoe_overflow_catwalk,
          nicolae_overflow_hidden_temple, gammafunk_ghost_grave
D:10:     layout_long_grid, hiddenorc2_lemuel, serial_shops, nicolae_shop_trees,
          muffindrake_ghost_dual_entry, serial_park_tiny_1,
          amcnicky_mini_corridor_feature, minmay_hollow_rounded_squares
D:11:     layout_long_grid, erik_lair_orcish_takeover, serial_shops,
          nicolae_shop_behind_doors
D:12:     layout_loops_ring
D:13:     layout_rooms
D:14:     layout_loops_ring, skrybe_vaults_entry_preservation,
          okawaru_ov_weapons_minmay, serial_shops, shop,
          nicolae_take_the_stairs, nicolae_shop_behind_doors, shop
D:15:     hangedman_depths_entry_civil_slaughter, layout_cave_pods, special_room
          [special_room_orc], hangedman_abyss_or_decor_slice
Temple:   nicolae_temple_two_arcs
Lair:1:   layout_roguey, cheibrodos_lair_reptile_den
Lair:2:   layout_gridlike, nzn_sisyphean_effort
Lair:3:   dreamdust_isle_of_ice, layout_layer_cave,
          minmay_shoals_entry_lonely_mermaid, spider_nest_entry_rubble,
          beast_lair_carwin_5, uniq_rupert
Lair:4:   layout_long_grid, slime_entry_2
Lair:5:   gammafunk_lair_ancient_temple, layout_regular_city, enter_volcano_4
Spider:1: layout_spider_delve, uniq_donald, uniq_azrael, uniq_aizul,
          uniq_mlioglotl
Orc:1:    layout_caves, serial_shops, shop, nicolae_shop_clearance
Orc:2:    grunt_orc_cross, layout_diamond_mine

Skill      XL: |  1  2  3  4  5  6  7  8  9 10 11 12 13 14 15 |
---------------+----------------------------------------------+-----
Spellcasting   | 2 3 4 5 6 |  6.5
Fighting       | 1 2 3 4 5 6 7 8 10 11 | 11.4
Hexes          | 1 2 |  2.0
Dodging        | 1 2 4 5 |  5.6
Stealth        | 2 3 4 5 |  5.0
Ice Magic      | 4 5 6 7 9 10 12 13 | 13.1
Conjurations   | 1 3 5 6 7 |  7.0
Air Magic      | 2 |  2.0
Poison Magic   | 3 6 8 9 |  9.0
Armour         | 3 5 6 |  6.5
Polearms       | 1 5 7 9 10 11 | 11.1
Translocations | 4 |  4.0
Transmutations | 1 3 |  3.0
Fire Magic     | 1 2 |  2.8
Evocations     | |  1.0

Action                   |  1- 3 |  4- 6 |  7- 9 | 10-12 | 13-15 || total
-------------------------+-------+-------+-------+-------+-------++-------
Melee: Club              |     1 |       |       |       |       ||     1
       Short sword       |     6 |       |       |       |       ||     6
       Dagger            |     8 |    32 |    35 |     2 |       ||    77
       Long sword        |       |    20 |    18 |       |       ||    38
       Flail             |       |       |    11 |    39 |       ||    50
       Hand axe          |       |       |    32 |    21 |       ||    53
       Punch             |       |       |     1 |       |       ||     1
       Scythe            |       |       |       |   294 |   555 ||   849
 Cast: Freeze            |    63 |    65 |    47 |    13 |     2 ||   190
       Ensorcelled Hiber |    10 |    16 |    22 |     5 |     2 ||    55
       Ozocubu's Armour  |       |     6 |    28 |    38 |    31 ||   103
       Hailstorm         |       |       |    54 |   104 |    88 ||   246
       Mephitic Cloud    |       |       |    12 |     7 |    20 ||    39
       Olgreb's Toxic Ra |       |       |       |    79 |   117 ||   196
       Ignite Poison     |       |       |       |       |    15 ||    15
       Blink             |       |       |       |       |     1 ||     1
Evoke: Piece from Xom's  |       |     2 |       |       |       ||     2
       Wand              |       |       |       |     6 |       ||     6
       Tin of tremorston |       |       |       |       |     1 ||     1
  Use: Potion            |       |     2 |       |       |    22 ||    24
       Scroll            |       |     5 |     6 |    10 |     6 ||    27
 Stab: Sleeping          |     7 |    12 |    15 |     2 |     1 ||    37
       Invisible         |       |       |     6 |    11 |    25 ||    42
       Confused          |       |       |     1 |       |     7 ||     8
Armor: Robe              |    12 |    39 |    23 |    13 |       ||    87
       Ring mail         |       |       |       |   196 |   130 ||   326
       Leather armour    |       |       |       |     8 |     4 ||    12
       Acid dragon scale |       |       |       |       |    77 ||    77
       Scale mail        |       |       |       |       |    48 ||    48
Dodge: Dodged            |    33 |    97 |   170 |   719 |   755 ||  1774
Block: Other             |       |       |       |       |    41 ||    41
       Reflection        |       |       |       |       |     1 ||     1
